 Dungeon Crawl Stone Soup version 0.30.0-29-ga12c61a403 (webtiles) character file.

Game seed: 17047730143127605260

802 extremelyparanoid the Covert (level 8, -7/44 HPs)
             Began as a Kobold Brigand on June 26, 2023.
             Was a Follower of Uskayaw.
             Mangled by an ogre
             ... wielding a +0 giant club
              (30 damage)
             ... on level 6 of the Dungeon.
             The game lasted 00:07:39 (4927 turns).

extremelyparanoid the Covert (Kobold Brigand)       Turns: 4927, Time: 00:07:39

Health: -7/44      AC:  5    Str:  9    XL:     8   Next: 14%
Magic:  8/8        EV: 13    Int: 12    God:    Uskayaw [*.....]
Gold:   387        SH:  0    Dex: 18    Spells: 7/7 levels left

rFire   + . .        m - +2 dagger (venom)
rCold   . . .        (no shield)
rNeg    . . .        I - +0 troll leather armour {Pargi}
rPois   .            s - +0 helmet
rElec   .            x - scarf {+Inv}
rCorr   .            (no gloves)
SInv    .            (no boots)
Will    .....        r - amulet of regeneration
Stlth   ++++++       t - ring of protection from fire
HPRegen 1.87/turn    (no ring)
MPRegen 0.11/turn

%: no passive effects
@: no status effects
A: small, no large weapons, nightstalker 3
a: Renounce Religion, Evoke Invisibility, Stomp


You were on level 6 of the Dungeon.
You worshipped Uskayaw.
Uskayaw was noncommittal.
You visited 2 branches of the dungeon, and saw 7 of its levels.
You also visited: Sewer.

You collected 387 gold pieces.

Inventory:

Hand Weapons
 a - a +2 dagger
 m - a +2 dagger of venom (weapon)
 n - a +2 dagger of speed
Missiles
 d - 18 poisoned darts (quivered)
 e - 8 curare-tipped darts
Armour
 b - a +0 robe
 c - a +0 cloak
 s - a +0 helmet (worn)
 x - a scarf of invisibility (worn)
 D - a +0 pair of gloves
 I - a +0 troll leather armour (worn) {Pargi}
Jewellery
 r - an amulet of regeneration (around neck)
 t - a ring of protection from fire (left hand)
 z - a ring of ice
 J - the amulet "Jogehera" {RegenMP rN+ Int-4 Dex+2}
   (You found it in a sewer)

   [amulet of magic regeneration]

   It increases your rate of magic regeneration.
   Int:       It affects your intelligence (-4).
   Dex:       It affects your dexterity (+2).
   rN:        It protects you from negative energy.
Wands
 g - a wand of flame (17)
Scrolls
 h - 2 scrolls of enchant weapon {unknown}
 j - a scroll of fear
 l - a scroll of noise {unknown}
 p - a scroll of summoning
 q - a scroll of immolation {unknown}
 v - a scroll of torment {unknown}
 w - a scroll of brand weapon {unknown}
 y - a scroll of silence {unknown}
 B - 6 scrolls of poison
 F - 2 scrolls of teleportation
 G - a scroll of enchant armour {unknown}
Potions
 f - 2 potions of degeneration
 i - 4 potions of attraction
 k - a potion of invisibility
 o - 3 potions of cancellation {unknown}
 u - 2 potions of flight {unknown}
 A - 2 potions of haste {unknown}
 E - a potion of heal wounds {unknown}
 H - a potion of mutation {unknown}


   Skills:
 - Level 2.1 Fighting
 - Level 4.0 Short Blades
 - Level 2.1 Throwing
 + Level 0.1 Armour
 - Level 1.2 Dodging
 + Level 12.7 Stealth


You had 7 spell levels left.
You didn't know any spells.
Your spell library contained the following spells:

 Spells                   Type           Power      Damage    Failure   Level
 Freeze                   Ice            0%         1d3       43%         1
 Summon Small Mammal      Summ           0%         N/A       43%         1
 Call Canine Familiar     Summ           0%         N/A       80%         3
 Frozen Ramparts          Ice            0%         1d1       80%         3
 Hailstorm                Conj/Ice       0%         3d3       80%         3
 Summon Guardian Golem    Hex/Summ       0%         N/A       80%         3


Dungeon Overview and Level Annotations

Branches:
Dungeon (6/15)             Temple (1/1) D:5           Sewer (visited)

Altars:
Ashenzari
Elyvilon
Fedhas
Okawaru
Ru
Uskayaw
Vehumet
Wu Jian
The Shining One

Annotations:
D:4 Sigmund


Innate Abilities, Weirdness & Mutations

You are small and have problems with some larger weapons.
You are completely attuned to the shadows.


Message History

The hound bites you. x2
You barely miss the hound. The hound barely misses you.
You hit the hound.
The hound is poisoned.
The hound is lightly wounded.
The hound closely misses you.
You hit the hound.
The hound looks as sick as possible!
The hound is lightly wounded.
The hound bites you.
You closely miss the hound.
The hound is moderately wounded.
The hound bites you.
You closely miss the hound.
The hound is moderately wounded.
The hound closely misses you. The hound bites you.
You hit the hound.
The hound looks as sick as possible!
The hound is heavily wounded.
The hound bites you.
You hit the hound.
The hound looks as sick as possible!
The hound is severely wounded.
The hound bites you but does no damage.
You hit the hound but do no damage.
The hound is almost dead.
The hound bites you but does no damage.
You hit the hound.
You kill the hound!
An ogre comes into view. It is wielding a +0 giant club.
An ogre is nearby!
An ogre is nearby!
An ogre is nearby!
The ogre shouts!
The ogre hits you with a +0 giant club!!
Ouch! That really hurt!
You hear a shout!
You hit the ogre.
The ogre is poisoned.
The ogre is lightly wounded.
You hit the ogre.
The ogre looks as sick as possible!
The ogre is lightly wounded.
The ogre hits you with a +0 giant club!!
Ouch! That really hurt!
You die...

#. #† #####.
########....# ....
#...........# ....
#...........# ....
#...........#
....#####...........#
#..O@......##########
#..........#<...#
#..........'....#
+..........#....#
#..........#....#
.....#....#
.<..##..##


You could see an ogre (extremely poisoned).

Vanquished Creatures
  A phantom (D:5)
  A kobold brigand (D:3)
  2 scorpions
  A hound (D:6)
  A jelly (D:5)
  2 orc priests
  Natasha (twice) (D:3)
  An iguana (D:4)
  2 sleepcaps (D:5)
  4 gnolls (D:3)
  5 adders
  A white imp (D:5)
  2 worms
  2 dart slugs
  8 orcs
  5 bats
  6 endoplasms
  7 giant cockroaches
  11 goblins
  2 hobgoblins
  2 jackals (D:3)
  11 kobolds
  6 quokkas
  5 ball pythons
  A frilled lizard (D:3)
  2 rats (D:3)
  A spectral goblin (D:2)
94 creatures vanquished.

Vanquished Creatures (collateral kills)
  Pargi (Sewer)
1 creature vanquished.

Grand Total: 95 creatures vanquished

Notes
Turn   | Place    | Note
-------+----------+-------------------------------------------
     0 | D:1      | extremelyparanoid the Kobold Brigand began the quest for
                  | the Orb.
     0 | D:1      | Reached XP level 1. HP: 12/12 MP: 1/1
   195 | D:1      | Reached XP level 2. HP: 17/17 MP: 2/2
   275 | D:1      | Reached skill level 6 in Stealth
   573 | D:1      | Reached XP level 3. HP: 21/21 MP: 3/3
  1112 | D:2      | Found a faded altar of an unknown god.
  1826 | D:3      | Reached skill level 7 in Stealth
  1826 | D:3      | Reached XP level 4. HP: 4/26 MP: 4/4
  1943 | D:3      | Noticed Natasha
  1947 | D:3      | Killed Natasha
  2050 | D:3      | Reached XP level 5. HP: 30/30 MP: 5/5
  2068 | D:3      | Reached skill level 8 in Stealth
  2134 | D:3      | Noticed Natasha
  2146 | D:3      | Found a blossoming altar of Fedhas.
  2267 | D:3      | Killed Natasha
  2381 | D:3      | Noticed a kobold brigand
  2445 | D:3      | Reached skill level 9 in Stealth
  2445 | D:3      | Reached XP level 6. HP: 35/35 MP: 6/6
  2627 | D:3      | Found an ornate altar of the Wu Jian Council.
  2729 | D:3      | Reached skill level 10 in Stealth
  2871 | D:4      | Found a glowing golden altar of the Shining One.
  2884 | D:4      | Found an iron altar of Okawaru.
  2986 | D:4      | Noticed Sigmund
  3334 | D:4      | Reached XP level 7. HP: 23/40 MP: 7/7
  3709 | D:5      | Entered Level 5 of the Dungeon
  3865 | D:5      | Reached skill level 11 in Stealth
  3924 | D:5      | Found a staircase to the Ecumenical Temple.
  3938 | Temple   | Entered the Ecumenical Temple
  3966 | Temple   | Became a worshipper of Uskayaw the Reveller
  3980 | D:5      | Reached * piety under Uskayaw
  4129 | D:5      | Found a glowing drain.
  4149 | Sewer    | Entered a sewer
  4207 | Sewer    | Noticed Pargi
  4219 | Sewer    | Reached ** piety under Uskayaw
  4220 | Sewer    | Killed Pargi
  4335 | Sewer    | Identified the amulet "Jogehera" {RegenMP rN+ Int-4 Dex+2}
  4459 | D:5      | Reached skill level 12 in Stealth
  4459 | D:5      | Reached XP level 8. HP: 44/44 MP: 8/8
  4572 | D:5      | Found a broken altar of Ashenzari.
  4927 | D:6      | Mangled by an ogre

Illustrated notes

Levels and vault maps discovered:
D:1:      saegor_arrival_simple_b, layout_loops_corners
D:2:      layout_loops_corners, dreamdust_ecumenical_altar_drowned_temple,
          minmay_misc_feat_pillars, chequers_garden
D:3:      cheibrodos_thug_alley, layout_basic, mainiacjoe_overflow_chevrons,
          nicolae_wu_jian_immortal_techniques, uniq_natasha
D:4:      layout_rooms, mainiacjoe_overflow_catwalk_spiral, uniq_sigmund
D:5:      layout_loops_ring, amcnicky_altar_gilded, temple_hall,
          gup_sewer_entry_pipe
D:6:      layout_gridville, lemuel_tele_altar, minivault_11
Temple:   regret_index_temple_sphere_string

Skill      XL: |  1  2  3  4  5  6  7 |
---------------+----------------------+-----
Stealth        | 6 7 9 10 12 | 12.7
Short Blades   | 3 4 |  4.0
Fighting       | |  2.1
Throwing       | |  2.1
Armour         | |  0.1
Dodging        | |  1.2

Action                     |  1- 3 |  4- 6 |  7- 9 || total
---------------------------+-------+-------+-------++-------
  Melee: Dagger            |    47 |   117 |    77 ||   241
         Punch             |       |     1 |     2 ||     3
    Use: Potion            |     1 |     2 |       ||     3
         Scroll            |       |     3 |     3 ||     6
   Stab: Sleeping          |    19 |    14 |    12 ||    45
         Distracted        |     1 |       |       ||     1
 Armour: Robe              |    10 |    29 |     8 ||    47
         Troll leather arm |       |       |     2 ||     2
  Dodge: Dodged            |    24 |   103 |    40 ||   167
